AoeStats
← paikiturbo

Black Forest

509249657Analyzed
3v3 RM · 7d ago on Sep 26, 2026· 37m 35s· 6 players
Game mode
Random Map
Map size
Normal (6 player)
Population
200
Speed
Normal
Resources
Standard
Victory
Conquest
Starting age
Dark Age
Ending age
Imperial Age
RankedLock teamsTeams togetherTeam positionsShared explorationLock speedFull tech treeHidden civsTurbo modeCheats
Victory
Defeat
🇺🇸 Hindustanis · United States
1271
+10
🇦🇷 Ethiopians · Argentina
1112
+16
🇺🇸 Spanish · United States
949
+22
🇦🇷 Franks · Argentina
1184
-19
🇦🇷 Varangians · Argentina
1154
-18
🇦🇷 Saracens · Argentina
992
-11
IzzyPizzy
0:49 Loom
10:57 Feudal Age
12:21 Double-Bit Axe
13:32 Wheelbarrow
19:29 Castle Age
18:18 Scale Mail Armor
18:14 Stone Mining
18:32 Gold Mining
20:00 Forging
19:42 Fletching
20:03 Forging
26:38 Hand Cart
26:08 Town Watch
27:53 Gold Shaft Mining
33:04 Imperial Age
30:49 Murder Holes
31:49 Chain Mail Armor
31:38 Squires
31:24 Gambesons
31:25 Arson
32:20 Bodkin Arrow
33:04 Iron Casting
33:13 Town Patrol
34:55 Chemistry
34:02 Siege Engineers
34:51 Conscription
35:25 Elite Throwing Axeman
John_Salchichon
0:49 Loom
14:32 Feudal Age
18:56 Castle Age
17:32 Stone Mining
17:43 Double-Bit Axe
18:17 Horse Collar
19:20 Gold Mining
24:45 Fletching
28:39 Wheelbarrow
28:22 Heavy Plow
32:35 Forging
32:31 Scale Barding Armor
32:21 Bodkin Arrow
33:51 Iron Casting
34:21 Chain Barding Armor
paikiturbo
0:51 Loom
12:44 Feudal Age
22:19 Castle Age
20:38 Double-Bit Axe
20:36 Horse Collar
21:52 Stone Mining
27:55 Wheelbarrow
31:03 Imperial Age
28:41 Gold Mining
33:50 Husbandry
34:05 Scale Barding Armor
34:17 Forging
34:01 Elite Skirmisher
36:22 Fletching
36:33 Padded Archer Armor
78!SATTACk08
0:42 Loom
12:10 Feudal Age
17:31 Castle Age
16:11 Double-Bit Axe
16:59 Horse Collar
18:41 Caravan
27:19 Padded Archer Armor
29:36 Wheelbarrow
30:51 Heavy Plow
31:04 Bloodlines
31:38 Gold Mining
31:39 Stone Mining
32:03 Bow Saw
32:15 Husbandry
34:09 Stone Shaft Mining
35:07 Hand Cart
35:16 Leather Archer Armor
layuyimartine
9:19 Feudal Age
9:58 Double-Bit Axe
11:34 Gold Mining
16:33 Wheelbarrow
15:44 Loom
25:05 Castle Age
23:49 Stone Mining
26:21 Caravan
26:39 Bow Saw
28:12 Stone Shaft Mining
28:30 Grand Trunk Road
32:29 Imperial Age
31:11 Forging
32:02 Bloodlines
33:09 Coinage
33:41 Heavy Camel Rider
35:01 Iron Casting
34:32 Scale Barding Armor
34:54 Conscription
34:44 Husbandry
35:46 Banking
37:26 Hand Cart
ALE 7 CAL
1:22 Loom
12:01 Feudal Age
12:57 Double-Bit Axe
13:00 Horse Collar
15:40 Castle Age
17:15 Wheelbarrow
16:55 Bow Saw
16:50 Heavy Plow
18:28 Wheelbarrow
21:16 Hand Cart
20:49 Town Watch
21:06 Gold Mining
21:08 Stone Mining
22:42 Gold Shaft Mining
23:30 Stone Shaft Mining
23:22 Caravan
23:53 Fletching
25:13 Ballistics
24:49 Murder Holes
26:21 Masonry
26:21 Bodkin Arrow
26:27 Padded Archer Armor
29:34 Imperial Age
28:20 Leather Archer Armor
28:10 Crossbowman
29:22 Thumb Ring
31:22 Chemistry
30:27 Bracer
30:50 Arbalester
32:34 Conscription
33:07 Siege Engineers
Connection lost

Rejoining the realm…

Still unreachable

The connection could not be restored.

Session expired

The server has moved on; the page needs a fresh start.